 Dungeon Crawl Stone Soup version 0.19-a0-1442-g3b32ff5 (webtiles) character file.

463 dorian the Slasher (level 6, -1/48 HPs)
             Began as a Demigod Skald on Sept 5, 2016.
             Slain by an ice beast (6 damage)
             ... on level 5 of the Dungeon.
             The game lasted 00:07:30 (3311 turns).

dorian the Slasher (Demigod Skald)                  Turns: 3311, Time: 00:07:32

Health: -1/48      AC:  4    Str: 17    XL:     6   Next: 50%
Magic:  4/11       EV: 13    Int: 16    God:
Gold:   149        SH:  0    Dex: 17    Spells: 3 memorised, 2 levels left

rFire  . . .     SeeInvis .     a - +0 falchion
rCold  . . .     Gourm    .     b - +0 leather armour
rNeg   . . .     Faith    .     (no shield)
rPois  .         Spirit   .     (no helmet)
rElec  .         Dismiss  .     h - +0 cloak
rCorr  +         Reflect  .     (no gloves)
MR     .....     Harm     .     (no boots)
Stlth  +.........               n - amulet of regeneration
                                (no ring)
                                f - ring of resist corrosion

@: no status effects
A: high mp 1
a: no special abilities


You were on level 5 of the Dungeon.
You were not hungry.

You visited 1 branch of the dungeon, and saw 5 of its levels.

You collected 149 gold pieces.

Inventory:

Hand Weapons
 a - a +0 falchion (weapon)
Armour
 b - a +0 leather armour (worn)
 h - a +0 cloak (worn)
Jewellery
 f - a ring of resist corrosion (left hand)
 n - an amulet of regeneration (around neck)
Wands
 o - a wand of polymorph (4/24)
Scrolls
 e - a scroll of noise {unknown}
 j - 2 scrolls of identify {unknown}
 k - a scroll of immolation {unknown}
 r - a scroll of teleportation {unknown}
 s - a scroll of fear {unknown}
 t - a scroll of random uselessness {unknown}
 v - a scroll of enchant armour {unknown}
 x - a scroll of magic mapping {unknown}
 y - a scroll of enchant weapon {unknown}
 z - a scroll of blinking {unknown}
 A - a scroll of remove curse {unknown}
Potions
 g - a potion of cancellation {unknown}
 i - 3 potions of degeneration {unknown}
 m - a potion of magic {unknown}
 p - a potion of lignification {unknown}
 w - a potion of curing {unknown}
Books
 c - a book of Battle

   Spells                             Type                      Level
   a - Infusion                       Charms                       1
   b - Shroud of Golubria             Charms/Translocation         2
   c - Song of Slaying                Charms                       2
   d - Spectral Weapon                Hexes/Charms                 3
   e - Regeneration                   Charms/Necromancy            3
Comestibles
 d - 2 bread rations
 l - a royal jelly
 q - 3 chunks of flesh
 u - a meat ration


   Skills:
 - Level 1.7 Fighting
 * Level 4.8 Long Blades
 - Level 0.8 Armour
 + Level 3.4 Dodging
 - Level 1.7 Spellcasting
 + Level 4.0 Charms


You had 2 spell levels left.
You knew the following spells:

 Your Spells              Type           Power        Failure   Level  Hunger
a - Infusion              Chrm           ##..         8%          1    ##.....
b - Shroud of Golubria    Chrm/Tloc      #.........   21%         2    ###....
c - Spectral Weapon       Hex/Chrm       #.......     38%         3    ####...


Dungeon Overview and Level Annotations

Branches:
Dungeon (5/15)
 Temple: D:4-7


Innate Abilities, Weirdness & Mutations

You have an increased reservoir of magic. (+10% MP)


Message History

The ice beast is heavily wounded.
The ice beast hits you but does no damage.
You hit the ice beast but do no damage.
The ice beast is heavily wounded.
The ice beast hits you but does no damage.
You hit the ice beast.
The ice beast is heavily wounded.
The ice beast hits you. The ice beast freezes you!
* * * LOW HITPOINT WARNING * * *
You are too injured to fight recklessly!
You barely miss the ice beast.
The ice beast is heavily wounded.
The ice beast closely misses you.
You barely miss the ice beast.
The ice beast is heavily wounded.
You are no longer magically infusing your attacks.
The ice beast hits you.
* * * LOW HITPOINT WARNING * * *
The ice beast freezes you.
You die...

##
....######
#...Y..#
#@# #.#
#)# #.#
#.# #.#
#.# #.#
###.#


You could see an ice beast.

Vanquished Creatures
  A big kobold (D:3)
  A hound (D:4)
  2 orc wizards (D:5)
  Ijyb (D:2)
  2 worker ants
  Natasha (thrice) (D:2)
  4 gnolls
  4 adders
  4 oozes
  An adder skeleton (D:4)
  2 worms
  3 dart slugs
  3 giant geckos
  3 orcs
  2 giant cockroaches
  6 goblins
  4 hobgoblins
  3 jackals (D:3)
  2 quokkas
  8 bats
  5 giant newts
  4 kobolds
  7 rats
75 creatures vanquished.

Notes
Turn   | Place    | Note
-------+----------+-------------------------------------------
     0 | D:1      | dorian the Demigod Skald began the quest for the Orb.
     0 | D:1      | Reached XP level 1. HP: 17/17 MP: 5/5
    16 | D:1      | Reached skill level 1 in Dodging
   441 | D:1      | Reached XP level 2. HP: 23/24 MP: 7/7
  1056 | D:2      | Noticed Natasha
  1062 | D:2      | Killed Natasha
  1062 | D:2      | Reached XP level 3. HP: 23/29 MP: 4/8
  1102 | D:2      | Noticed Natasha
  1115 | D:2      | Killed Natasha
  1115 | D:2      | Reached XP level 4. HP: 36/36 MP: 5/9
  1163 | D:2      | Found a shattered altar of Ashenzari.
  1176 | D:2      | Noticed Natasha
  1190 | D:2      | Killed Natasha
  1425 | D:2      | Noticed Ijyb
  1435 | D:2      | Killed Ijyb
  1869 | D:3      | Reached XP level 5. HP: 41/41 MP: 10/10
  1997 | D:3      | Learned a level 2 spell: Shroud of Golubria
  2001 | D:3      | Learned a level 3 spell: Spectral Weapon
  2522 | D:3      | Found a stormy altar of Qazlal.
  2760 | D:4      | Noticed a phantom
  2793 | D:5      | Entered Level 5 of the Dungeon
  2896 | D:4      | Reached XP level 6. HP: 48/48 MP: 5/11
  3311 | D:5      | Slain by an ice beast

Vault maps used:
D:1:      minmay_arrival_nine_rooms, minmay_misc_feat_ornament
D:2:      evilmike_ruin_ashenzari, first_bread, uniq_iyjb, uniq_natasha
D:3:      nicolae_qazlal_eye_of_the_storm, grunt_decor_mini_mirrors
D:5:      serial_park_tiny_1

Skill      XL: |  1  2  3  4  5  6 |
---------------+-------------------+-----
Dodging        | 1 2 3 |  3.4
Long Blades    | 2 3 4 |  4.8
Charms         | 3 4 |  4.0
Fighting       | |  1.7
Armour         | |  0.8
Spellcasting   | |  1.7

Action                   |  1- 3 |  4- 6 || total
-------------------------+-------+-------++-------
Melee: Falchion          |    89 |   273 ||   362
       Unarmed           |       |     3 ||     3
 Cast: Infusion          |     2 |    12 ||    14
       Shroud of Golubri |       |     7 ||     7
       Spectral Weapon   |       |     1 ||     1
 Stab: Sleeping          |       |     3 ||     3
  Eat: Chunk             |     1 |     7 ||     8
       Beef jerky        |       |     1 ||     1
Armor: Leather armour    |    19 |    34 ||    53
       Skin              |    11 |       ||    11
Dodge: Dodged            |    40 |   137 ||   177
